 Dungeon Crawl Stone Soup version 0.25-a0-886-gd7461d2276 (webtiles) character file.

Game seed: 10522053310738408653, levelgen mode: deterministic

727 Maedhros the Insei (level 7, -6/43 HPs)
             Began as an Octopode Artificer on May 1, 2020.
             Mangled by a wight
             ... wielding a cursed +4 short sword
              (9 damage)
             ... on level 6 of the Dungeon.
             The game lasted 00:04:17 (1228 turns).

Maedhros the Insei (Octopode Artificer)             Turns: 1228, Time: 00:04:17

Health: -6/43      AC:  1    Str: 11    XL:     7   Next: 72%
Magic:  9/9        EV: 13    Int: 14    God:
Gold:   107        SH:  0    Dex: 14    Spells: 6/6 levels left

rFire    . . .     SeeInvis .     - Unarmed
rCold    . . .     Gourm    .   (no shield)
rNeg     . . .     Faith    .   (helmet restricted)
rPois    .         Spirit   .   (no amulet)
rElec    .         Reflect  .   (no ring)
rCorr    .         Harm     .   (no ring)
MR       .....                  (no ring)
Stlth    +++.......             (no ring)
HPRegen  0.14/turn              (no ring)
MPRegen  0.11/turn              (no ring)
                                (no ring)
                                (no ring)

@: drained
A: almost no armour, stealthy swim, amphibious, 8 rings, constrict 8, camouflage
1, gelatinous body 1
a: no special abilities


You were on level 6 of the Dungeon.
You were very hungry.

You visited 1 branch of the dungeon, and saw 6 of its levels.

You collected 107 gold pieces.

Inventory:

Wands
 a - a wand of polymorph (2)
 b - a wand of flame (2)
 c - a wand of enslavement (9)
Scrolls
 e - a scroll of immolation {unknown}
 g - 2 scrolls of identify {unknown}
 i - a scroll of amnesia {unknown}
 k - a scroll of random uselessness {unknown}
 l - a scroll of enchant armour {unknown}
 n - a scroll of fog {unknown}
 o - a scroll of remove curse {unknown}
 p - a scroll of teleportation {unknown}
Potions
 h - a potion of degeneration {unknown}
 j - a potion of flight {unknown}
 m - a potion of lignification {unknown}
Comestibles
 f - 3 rations


   Skills:
 - Level 1.0(0.3) Fighting
   Level 1.0(0.3) Short Blades
 - Level 2.0(1.3) Dodging
 - Level 4.0(3.2) Stealth
 + Level 7.7(6.9) Unarmed Combat
 - Level 3.2(2.5) Evocations


You had 6 spell levels left.
You didn't know any spells.
Your spell library was empty.

Dungeon Overview and Level Annotations

Branches:
Dungeon (6/15)
 Temple: D:4-7

Altars:
Hepliaklqana
Okawaru
Zin


Innate Abilities, Weirdness & Mutations

You cannot wear most types of armour.
You are very stealthy in the water. (Stealth+)
You are amphibious.
You can wear up to eight rings at the same time.
You can use your tentacles to constrict eight enemies at once.
Your skin changes colour to match your surroundings (Stealth+).
Your rubbery body absorbs attacks. (AC +1, EV +1)


Message History

The wight is lightly damaged.
You constrict the wight, but do no damage.
The wight hits you with a cursed +4 short sword.
You barely miss the wight.
The wight is lightly damaged.
You constrict the wight. The wight closely misses you.
You tentacle-slap the wight but do no damage.
The wight is lightly damaged.
You constrict the wight.
The wight hits you with a cursed +4 short sword!
* * * LOW HITPOINT WARNING * * *
Evoke which item? (* to show all) (? for menu, Esc to quit)
Aiming: Throw Flame
Press: ? - help, Shift-Dir - straight line, f - wight
Aim: a wight, wielding a +4 short sword and wearing a +0 robe (moderately damaged, constricted by you)
The puff of flame hits the wight but does no damage.
The wight is moderately damaged.
You constrict the wight.
The wight hits you with a cursed +4 short sword!
You die...

#. #.# #. #.# #. #.##.
#. #.##.## ### #.
#.##... .<. #. #.##..#
#.# #. #######.###.###.#
#.
#.....z@......#.#######.
#.#####.###.#...........
#.# #.........########
#.# #####.#####
#.####z#########.#
#..............#.#
...........###.#..#
.#####..##.##.###.##
#..##...## ##.# #


You could see a wight.

Vanquished Creatures
  A sky beast (D:6)
  An ogre (D:5)
  A centaur (D:5)
  3 wights (D:6)
  A howler monkey (D:5)
  A jelly (D:5)
  2 hounds
  An iguana (D:3)
  Natasha (D:4)
  2 worker ants
  4 adders
  3 gnolls
  An ooze (D:2)
  A worm (D:2)
  2 leopard geckos (D:2)
  6 orcs (D:5)
  A bat (D:2)
  A giant cockroach (D:5)
  A goblin (D:2)
  2 hobgoblins (D:2)
  3 kobolds (D:2)
  3 quokkas
  2 ball pythons
  A frilled lizard (D:2)
  2 rats (D:2)
47 creatures vanquished.

Vanquished Creatures (collateral kills)
  Natasha (D:4)
  An ooze (D:4)
  An orc (D:4)
  A frilled lizard (D:4)
4 creatures vanquished.

Vanquished Creatures (others)
  2 hounds (D:4)
  2 gnolls
4 creatures vanquished.

Grand Total: 55 creatures vanquished

Notes
Turn   | Place    | Note
-------+----------+-------------------------------------------
     0 | D:1      | Maedhros the Octopode Artificer began the quest for the
                  | Orb.
     0 | D:1      | Reached XP level 1. HP: 13/13 MP: 3/3
    35 | D:2      | Reached XP level 2. HP: 7/18 MP: 4/4
    90 | D:2      | Reached XP level 3. HP: 12/23 MP: 5/5
    94 | D:2      | Reached skill level 1 in Unarmed Combat
   188 | D:2      | Reached skill level 2 in Unarmed Combat
   231 | D:2      | Reached XP level 4. HP: 15/28 MP: 6/6
   286 | D:3      | Reached skill level 3 in Unarmed Combat
   306 | D:4      | Noticed Natasha
   335 | D:4      | Found a hazy altar of Hepliaklqana.
   336 | D:4      | Found an iron altar of Okawaru.
   365 | D:4      | Killed Natasha
   365 | D:4      | Reached XP level 5. HP: 24/33 MP: 7/7
   377 | D:4      | Noticed Natasha
   378 | D:4      | Reached skill level 4 in Unarmed Combat
   400 | D:4      | Killed Natasha
   440 | D:4      | Noticed a phantom
   501 | D:5      | Entered Level 5 of the Dungeon
   507 | D:5      | Noticed a centaur
   516 | D:5      | Killed a centaur
   516 | D:5      | Reached skill level 5 in Unarmed Combat
   516 | D:5      | Reached XP level 6. HP: 36/38 MP: 8/8
   637 | D:5      | Reached skill level 6 in Unarmed Combat
   747 | D:5      | Reached XP level 7. HP: 36/43 MP: 9/9
  1040 | D:6      | Reached skill level 7 in Unarmed Combat
  1050 | D:6      | Found a glowing silver altar of Zin.
  1228 | D:6      | Mangled by a wight

Levels and vault maps discovered:
D:1:      dpeg_arrival_connections, layout_basic
D:2:      layout_rooms, minivault_4
D:3:      layout_basic, uniq_grinder
D:4:      layout_loops_cross, grunt_temple_overflow_open, serial_shops,
          shop_scrolls, first_ration, serial_bayou_pond_d, uniq_natasha,
          uniq_sigmund
D:5:      layout_gridville
D:6:      layout_loops_ring, old_standard_altar, dk_rats_in_the_wall,
          uniq_menkaure, uniq_blork_the_orc

Skill      XL: |  1  2  3  4  5  6  7 |
---------------+----------------------+-----
Stealth        | 3 4 |  4.0
Unarmed Combat | 2 3 5 6 7 |  7.7
Fighting       | |  1.0
Short Blades   | |  1.0
Dodging        | |  2.0
Evocations     | |  3.2

Action                   |  1- 3 |  4- 6 |  7- 9 || total
-------------------------+-------+-------+-------++-------
Melee: Short sword       |    26 |       |       ||    26
       Constrict         |    10 |    11 |     8 ||    29
       Tentacles         |     6 |     9 |     7 ||    22
       Unarmed           |       |    38 |    33 ||    71
       Punch             |       |     4 |     3 ||     7
Evoke: Wand              |     8 |    20 |     6 ||    34
  Use: Potion            |       |     2 |       ||     2
 Stab: Sleeping          |     1 |     4 |     1 ||     6
       Confused          |       |     2 |       ||     2
Armor: Skin              |       |     1 |     1 ||     2
Dodge: Dodged            |    10 |    28 |    11 ||    49

Table legend:
 A = Non-vault XP
 B = Vault XP
 C = Vault XP percentage of total XP
 D = Non-vault monster count
 E = Vault monster count
 F = Vault count percentage of total count
                 A         B        C        D         E       F
            +---------+---------+-------+---------+---------+-------
      Total |    1004 |      35 |   3.4 |      51 |       1 |   1.9
            +---------+---------+-------+---------+---------+-------
        D:2 |     101 |       0 |   0.0 |      22 |       0 |   0.0
        D:3 |      36 |       0 |   0.0 |       1 |       0 |   0.0
        D:4 |      90 |      35 |  28.0 |       8 |       1 |  11.1
        D:5 |     436 |       0 |   0.0 |      15 |       0 |   0.0
        D:6 |     341 |       0 |   0.0 |       5 |       0 |   0.0
            +---------+---------+-------+---------+---------+-------
